AoeStats
← Kevin Flynn

Baltic

511007311Analyzed
2v2 RM · 6h ago on Oct 3, 2026· 51m 0s· 4 players
Game mode
Random Map
Map size
Medium (4 player)
Population
200
Speed
Normal
Resources
Standard
Victory
Conquest
Starting age
Dark Age
Ending age
Imperial Age
RankedLock teamsTeams togetherTeam positionsShared explorationLock speedFull tech treeHidden civsTurbo modeCheats
Victory
Defeat
🇩🇪 Lithuanians · Germany
853
+16
🇩🇪 Celts · Germany
816
+17
🇨🇿 Teutons · Czechia
859
-17
🇨🇿 Persians · Czechia
836
-16
WhiZzZkiD
1:38 Loom
12:40 Feudal Age
13:24 Double-Bit Axe
15:24 Fishing Lines
17:17 Wheelbarrow
17:56 Gold Mining
23:31 Castle Age
21:17 Town Watch
22:59 Forging
22:49 Scale Mail Armor
23:04 Stone Mining
23:37 Pikeman
24:35 Chain Mail Armor
24:47 Horse Collar
27:44 Gold Shaft Mining
27:22 Bow Saw
29:02 Iron Casting
28:44 Hand Cart
28:43 Gillnets
30:39 Fletching
31:17 Medium Warships
37:28 Imperial Age
37:43 Halberdier
38:58 Plate Mail Armor
39:29 Blast Furnace
39:42 Chemistry
38:48 Siege Engineers
40:27 Furor Celtica
41:13 Stone Shaft Mining
40:46 Heavy Plow
40:41 Capped Ram
42:02 Conscription
45:06 Husbandry
45:16 Scale Barding Armor
45:57 Cavalier
47:05 Siege Ram
48:48 Light Cavalry
Killphil
10:32 Feudal Age
12:21 Wheelbarrow
18:16 Castle Age
17:11 Bloodlines
16:59 Double-Bit Axe
17:45 Scale Barding Armor
19:14 Husbandry
20:54 Forging
21:32 Horse Collar
22:24 Gold Mining
23:21 Heavy Plow
26:05 Stone Mining
27:10 Bow Saw
29:37 Chain Barding Armor
30:39 Stone Shaft Mining
30:25 Squires
29:47 Pikeman
32:39 Forging
33:35 Ballistics
33:25 Masonry
33:52 Hand Cart
35:21 Murder Holes
38:33 Imperial Age
39:24 Stone Shaft Mining
40:18 Plate Barding Armor
42:10 Chemistry
41:54 Caravan
43:26 Two-Man Saw
42:40 Halberdier
45:08 Architecture
47:14 Arson
48:11 Iron Casting
47:36 Scale Mail Armor
49:20 Elite Leitis
Kevin Flynn
11:26 Feudal Age
15:14 Double-Bit Axe
17:17 Padded Archer Armor
17:07 Fletching
21:57 Castle Age
19:42 Loom
21:47 Crossbowman
23:15 Pikeman
36:29 Gold Mining
36:29 Stone Mining
36:29 Horse Collar
39:50 Leather Archer Armor
39:41 Scale Mail Armor
39:59 Bodkin Arrow
47:53 Chain Mail Armor
47:43 Scale Barding Armor
48:36 Wheelbarrow
47:47 Town Watch
50:19 Gold Shaft Mining
50:19 Stone Shaft Mining
52:37 Imperial Age
supermaso8970
12:19 Feudal Age
10:34 Loom
14:35 Double-Bit Axe
18:32 Castle Age
18:50 Horse Collar
19:33 Scale Barding Armor
21:30 Bow Saw
26:06 Forging
28:46 Chain Barding Armor
29:45 Bloodlines
35:09 Iron Casting
39:02 Gold Mining
41:59 Imperial Age
41:38 Stone Mining
43:45 Blast Furnace
42:45 Scale Mail Armor
42:09 Elite Teutonic Knight
43:57 Onager
46:35 Siege Onager
Connection lost

Rejoining the realm…

Still unreachable

The connection could not be restored.

Session expired

The server has moved on; the page needs a fresh start.